Workbook

Sheet кор 2
D1: Приложение № 2 к Договору № 131/12-МТ от "___" _____________ 2021 г.
A2: "Согласовано": | D2: "Утверждаю":
A3: Подрядчик ООО "Интер-сервис" | D3: Заказчик СНТ "Слава"
A4: Директор ___________________/Соснин В.В./ | D4: Председатель _____________________/Седов А. В./
A6: М.П. | D6: М.П.
B8: ЛОКАЛЬНЫЙ СМЕТНЫЙ РАСЧЕТ
B9: монтаж Системы видеонаблюдения на территории Заказчика по адресу | C9: Московскя обл., г.о. Щелково, СНТ "Слава"
B10: ОБЩАЯ СМЕТНАЯ СТОИМОСТЬ | D10: =G83 -> 765868 | E10: руб.
A12: Составлен(а) в текущих (прогнозных) ценах по состоянию на декабрь | D12: 2021 г.
A13: 1 | B13: Проведение работ по адресу: | C13: =C9 -> Московскя обл., г.о. Щелково, СНТ "Слава"
B15: Раздел 1. Монтажные работы
A16: 1 | B16: Монтаж камер | C16: шт. | D16: 11 | E16: 3000 | G16: =D16*E16 -> 33000 | H16: 51 | I16: =H16*D16 -> 561
A17: 2 | B17: Установка адапторов | C17: шт. | D17: 12 | E17: 750 | G17: =D17*E17 -> 9000 | H17: 34 | I17: =H17*D17 -> 408
A18: 3 | B18: Настройка камер | C18: шт. | D18: 19 | E18: 750 | G18: =D18*E18 -> 14250 | H18: 110 | I18: =H18*D18 -> 2090
A19: 4 | B19: Установка антивандального шкафа | C19: шт. | D19: 1 | E19: 2750 | G19: =D19*E19 -> 2750 | H19: 300 | I19: =H19*D19 -> 300
A20: 5 | B20: Установка шкафа на столб | C20: шт. | D20: 5 | E20: 4750 | G20: =D20*E20 -> 23750 | H20: 300 | I20: =H20*D20 -> 1500
A21: 6 | B21: Сборка шкафа | C21: шт. | D21: 5 | E21: 500 | G21: =D21*E21 -> 2500 | H21: 300 | I21: =H21*D21 -> 1500
A22: 7 | B22: Разварка волокна | C22: шт. | D22: 24 | E22: 650 | G22: =D22*E22 -> 15600 | H22: 35 | I22: =H22*D22 -> 840
A23: 8 | B23: Монтаж оптической муфты | C23: шт. | D23: 12 | E23: 1000 | G23: =D23*E23 -> 12000 | H23: 25 | I23: =H23*D23 -> 300
A24: 9 | B24: Прокладка оптического кабеля | C24: м. | D24: 460 | E24: 75 | G24: =D24*E24 -> 34500 | H24: 51 | I24: =H24*D24 -> 23460
A25: 10 | B25: Прокладка кабеля витая пара | C25: м. | D25: 300 | E25: 31 | G25: =D25*E25 -> 9300 | H25: 34 | I25: =H25*D25 -> 10200
A26: 11 | B26: Затягивания электрического кабеля в гофру | C26: м. | D26: 240 | E26: 51 | G26: =D26*E26 -> 12240 | H26: 110 | I26: =H26*D26 -> 26400
A27: 12 | B27: Укладка гофры | C27: м. | D27: 200 | E27: 31 | G27: =D27*E27 -> 6200 | H27: 300 | I27: =H27*D27 -> 60000
... A32: 17 | B32: Тестирование системы | C32: шт. | D32: 1 | E32: 36329 | G32: =D32*E32 -> 36329 | H32: 8000 | I32: =H32*D32 -> 8000
B33: Итого по разделу 1: | G33: =SUM(G16:G32) -> 256669 | H33: =G33*1.2 -> 308002.8
B34: Раздел 2. Материалы Подрядчика неучтенные расценками .
A35: 1 | B35: Кабель витая пара | C35: уп. | D35: 1 | E35: 11860 | G35: =D35*E35 -> 11860 | H35: 11000 | I35: =G35*1.2 -> 14232
A36: 2 | B36: Кабель оптический | C36: м. | D36: 460 | E36: 25 | G36: =D36*E36 -> 11500 | H36: 21 | I36: =G36*1.2 -> 13800
A37: 3 | B37: Гофра ПНД | C37: м. | D37: 500 | E37: 21 | G37: =D37*E37 -> 10500 | H37: 21 | I37: =G37*1.2 -> 12600
A38: 4 | B38: Кабель электрический | C38: м. | D38: 50 | E38: 110 | G38: =D38*E38 -> 5500 | H38: 110 | I38: =G38*1.2 -> 6600
A39: 5 | B39: Кабель электрический | C39: м. | D39: 50 | E39: 110 | G39: =D39*E39 -> 5500 | H39: 110 | I39: =G39*1.2 -> 6600
A40: 6 | B40: Зажимы для кабеля | C40: шт. | D40: 30 | E40: 220 | G40: =D40*E40 -> 6600 | H40: 200 | I40: =G40*1.2 -> 7920
A41: 7 | B41: КДЗС | C41: уп. | D41: 1 | E41: 600 | G41: =D41*E41 -> 600 | H41: 400 | I41: =G41*1.2 -> 720
A42: 8 | B42: Пиктейл | C42: уп. | D42: 1 | E42: 200 | G42: =D42*E42 -> 200 | H42: 200 | I42: =G42*1.2 -> 240
A43: 9 | B43: Кронштейн для кабеля | C43: шт. | D43: 10 | E43: 750 | G43: =D43*E43 -> 7500 | H43: 750 | I43: =G43*1.2 -> 9000
A44: 10 | B44: Зажим анкерный | C44: шт. | D44: 6 | E44: 280 | G44: =D44*E44 -> 1680 | H44: 280 | I44: =G44*1.2 -> 2016
A45: 11 | B45: Стяжки | C45: уп. | D45: 4 | E45: 120 | G45: =D45*E45 -> 480 | H45: 120 | I45: =G45*1.2 -> 576
A46: 12 | B46: Изолента 19мм*25м | C46: рул. | D46: 1 | E46: 85 | G46: =D46*E46 -> 85 | H46: 85 | I46: =G46*1.2 -> 102
... A62: 28 | B62: Соединительные зажимы | C62: шт. | D62: 10 | E62: 45 | G62: =D62*E62 -> 450 | H62: 130 | I62: =G62*1.2 -> 540
B63: Итого по разделу 2: | G63: =SUM(G35:G62) -> 141655 | H63: =G63*1.2 -> 169986 | I63: =SUM(I35:I62) -> 169986
B64: Раздел 3. Оборудование .
A65: 1 | B65: Камера уличная HiWatch DS-I250L (2.8 mm) | C65: шт. | D65: 6 | E65: 6990 | G65: =D65*E65 -> 41940 | H65: 6900 | I65: =G65*1.2 -> 50328
A66: 2 | B66: Камера уличная KN-CE204A5050BR | C66: шт. | D66: 2 | E66: 29500 | G66: =D66*E66 -> 59000 | H66: 6900 | I66: =G66*1.2 -> 70800
A67: 3 | B67: Камера уличная HiWatch IPC-B642-G2/ZS | C67: шт. | D67: 2 | E67: 19487 | G67: =D67*E67 -> 38974 | H67: 15090 | I67: =G67*1.2 -> 46768.8
A68: 4 | B68: Камера уличная HiWatch DS-I253M(B) (2.8 mm) | C68: шт. | D68: 1 | E68: 6780 | G68: =D68*E68 -> 6780 | H68: 15090 | I68: =G68*1.2 -> 8136
A69: 5 | B69: Оптический конвертор | C69: шт. | D69: 5 | E69: 2500 | G69: =D69*E69 -> 12500 | H69: 2500 | I69: =G69*1.2 -> 15000
A70: 6 | B70: Оптический модуль | C70: шт. | D70: 5 | E70: 1250 | G70: =D70*E70 -> 6250 | H70: 1250 | I70: =G70*1.2 -> 7500
A71: 7 | B71: Блок питания ББП-20 | C71: шт. | D71: 5 | E71: 1200 | G71: =D71*E71 -> 6000 | H71: 1200 | I71: =G71*1.2 -> 7200
A72: 8 | B72: Аккумулятор 7 а\ч | C72: шт. | D72: 5 | E72: 850 | G72: =D72*E72 -> 4250 | H72: 1200 | I72: =G72*1.2 -> 5100
A73: 9 | B73: Источник бесперебойного питания ИБП IPPON Back Basic 2200 Euro | C73: шт. | D73: 1 | E73: 13500 | G73: =D73*E73 -> 13500 | H73: 11500 | I73: =G73*1.2 -> 16200
A74: 10 | B74: Жесткий диск 6 тб | C74: шт. | D74: 2 | E74: 15100 | G74: =D74*E74 -> 30200 | H74: 15100 | I74: =G74*1.2 -> 36240
A75: 11 | B75: Свитч D-link DGS-1100-06me | C75: шт. | D75: 5 | E75: 5500 | G75: =D75*E75 -> 27500 | H75: 5100 | I75: =G75*1.2 -> 33000
A76: 12 | B76: Свитч D-LINK DGS-3000-28SC/A1A | C76: шт. | D76: 1 | E76: 56250 | G76: =D76*E76 -> 56250 | H76: 52250 | I76: =G76*1.2 -> 67500
... A78: 14 | B78: Видеорегистратор Hikvision DS-7732NI-K4 | C78: шт. | D78: 1 | E78: 37900 | G78: =D78*E78 -> 37900 | H78: 37200 | I78: =G78*1.2 -> 45480
B79: Итого по разделу 2: | G79: =SUM(G65:G78) -> 367544 | H79: =G79*1.2 -> 441052.8 | I79: =SUM(I65:I78) -> 441052.8
B80: Итого по сметному расчету 1 : | G80: =G79+G63+G33 -> 765868
B81: Итого по локальному сметному расчету : | G81: =SUM(G80) -> 765868
B82: без налога НДС20%: | G82: 0 | I82: \
B83: ВСЕГО с учетом НДС(руб.): | G83: =G81+G82 -> 765868 | H83: 141240 | I83: =G83-299000 -> 466868
A86: Составил ___________________/__________________________/
A87: Проверил _________________/____________________________/

Sheet Лист1
G1: Унифицированная форма № КС-2
G2: Утверждена постановлением Госкомстата России
G3: от 11.11.99. № 100
J5: Код
I6: Форма по ОКУД | J6: 322005
A7: Инвестор | I7: по ОКПО
A8: Заказчик | C8: ООО "Мелон" | I8: по ОКПО
A9: Подрядчик | C9: ООО "ИСС" | I9: по ОКПО | J9: 56843147
A10: Стройка | C10: Московская обл.,г. Фрязино, Пр.Мира д.5а
A11: Объект | C11: =C10 -> Московская обл.,г. Фрязино, Пр.Мира д.5а
G12: Вид деятельности по ОКДП
G13: Договор подряда | I13: № | J13: 1484-МТ
I14: дата | J14: 44253
I15: Вид операции
G17: Номер документа | H17: Дата составления | I17: Отчетный период
I18: с | J18: по
G19: 1 | H19: 44265 | I19: 44256 | J19: =H19 -> 44265
A21: AKT
A22: О ПРИЕМКЕ ВЫПОЛНЕННЫХ РАБОТ
G24: Сметная стоимость | J24: =J64 -> 141240 | K24: руб
B25: Основание :
A26: Составлен(а) в уровне текущих (прогнозных) цен на | D26: март | E26: 2021 | F26: г.
E27: , | F27: Цена | G27: Коэффициенты | K27: Справочно
A28: № | B28: Шифр | D28: Единица | E28: Кол-во | F28: на ед. | H28: зимних | J28: ВСЕГО | K28: ЗТР, всего
A29: п/п | B29: расценки | C29: Наименование работ и затрат | D29: изме- | E29: единиц | F29: изм. | G29: попра- | H29: удоро- | I29: перес- | J29: затрат, | K29: чел.-час
B30: и коды | D30: рения | F30: руб. | G30: вочные | H30: жаний | I30: чета | J30: руб. | K30: Ст-ть ед.
B31: ресурсов | K31: с начислен.
A32: 1 | B32: 2 | C32: 3 | D32: 4 | E32: 5 | F32: 6 | G32: 7 | H32: 8 | I32: 9 | J32: 10 | K32: 11
A33: 1 | C33: Монтажные работы по адресу Московская обл.,г. Фрязино, Пр.Мира д.5а
C34: 1.Монтажные работы
B35: 1 | C35: Монтаж видеокамер | D35: ед. | E35: 4 | F35: 3500 | J35: =E35*F35 -> 14000 | L35: =F35*1.2 -> 4200 | M35: =J35*1.18 -> 16520
B36: 2 | C36: Прокладка кабеля | D36: м. | E36: 200 | F36: 31 | J36: =E36*F36 -> 6200 | L36: =F36*1.2 -> 37.2 | M36: =J36*1.18 -> 7316
B37: 3 | C37: Монтаж коробок распаячных | D37: м. | E37: 4 | F37: 166.6666 | J37: =E37*F37 -> 666.6664 | L37: =F37*1.2 -> 199.99992 | M37: =J37*1.18 -> 786.66635
B38: 4 | C38: Монтаж гофрошланга | D38: м. | E38: 100 | F38: 59 | J38: =E38*F38 -> 5900 | L38: =F38*1.2 -> 70.8
B39: 5 | C39: Монтаж оборудования | D39: шт. | E39: 2 | F39: 1450 | J39: =E39*F39 -> 2900 | L39: 1770 | M39: =J39*1.18 -> 3422
B40: 6 | C40: Настройка системы | D40: шт. | E40: 1 | F40: 2000 | J40: =E40*F40 -> 2000 | L40: =F40*1.2 -> 2400 | M40: =J40*1.18 -> 2360
B41: 7 | C41: Установка ПО | D41: шт. | E41: 1 | F41: 2000 | J41: =E41*F41 -> 2000 | L41: =F41*1.2 -> 2400 | M41: =J41*1.18 -> 2360
B42: 8 | C42: Обжим кабеля | D42: шт. | E42: 12 | F42: 25 | J42: =E42*F42 -> 300 | L42: =F42*1.2 -> 30
C43: ИТОГО ПО РАЗДЕЛУ 1 | J43: =SUM(J35:J42) -> 33966.666 | L43: =J43*1.18 -> 40080.666 | M43: =L43-459840.08 -> -419759.41
C44: 2. Материалы Подрядчика
B45: 1 | C45: Кабель витая пара UTP Cat.5e | D45: м. | E45: 200 | F45: =L45/1.2 -> 23.333333 | J45: =E45*F45 -> 4666.6667 | L45: 28 | M45: =J45*1.2 -> 5600
B46: 2 | C46: Разъем RG-45 | D46: шт. | E46: 12 | F46: =L46/1.2 -> 6.6666667 | J46: =E46*F46 -> 80 | L46: 8 | M46: =J46*1.2 -> 96
B47: 3 | C47: Коробка пластмассовая 100х100х50 мм | D47: шт. | E47: 4 | F47: =L47/1.2 -> 108.33333 | J47: =E47*F47 -> 433.33333 | L47: 130 | M47: =J47*1.2 -> 520
B48: 4 | C48: Стяжка нейлоновая | D48: уп. | E48: 1 | F48: =L48/1.2 -> 66.666667 | J48: =E48*F48 -> 66.666667 | L48: 80 | M48: =J48*1.2 -> 80
B49: 5 | C49: Дюбель гвоздь | D49: уп. | E49: 1 | F49: =L49/1.2 -> 350 | J49: =E49*F49 -> 350 | L49: 420 | M49: =J49*1.2 -> 420
B50: 6 | C50: Гофра ПНД 20 мм | D50: м. | E50: 100 | F50: =L50/1.2 -> 14.166667 | J50: =E50*F50 -> 1416.6667 | L50: 17 | M50: =J50*1.2 -> 1700
C51: ИТОГО ПО РАЗДЕЛУ 2 | J51: =SUM(J45:J50) -> 7013.3333 | L51: =J51*1.2 -> 8416 | M51: =SUM(M45:M50) -> 8416
C52: 3. Оборудование
B53: 1 | C53: Видеокамера уличная ММС | D53: шт. | E53: 3 | F53: =L53/1.2 -> 16492.5 | J53: =E53*F53 -> 49477.5 | L53: 19791 | M53: =J53*1.18 -> 58383.45
B54: 2 | C54: Видеокамера купольная KENO DE205A2812BR | D54: шт. | E54: 1 | F54: =L54/1.2 -> 14992.5 | J54: =E54*F54 -> 14992.5 | L54: 17991 | M54: =J54*1.18 -> 17691.15
B55: 3 | C55: Коммутатор D-LINK DGS-1210-10P/F1A | D55: шт. | E55: 1 | F55: =L55/1.2 -> 10500 | J55: =E55*F55 -> 10500 | L55: 12600 | M55: =J55*1.18 -> 12390
B56: 4 | C56: Модуль оптический | D56: шт. | E56: 2 | F56: =L56/1.2 -> 875 | J56: =E56*F56 -> 1750 | L56: 1050 | M56: =J56*1.18 -> 2065
C57: ИТОГО ПО РАЗДЕЛУ 2 | J57: =SUM(J53:J56) -> 76720 | L57: =J57*1.2 -> 92064 | M57: =SUM(M51:M56) -> 98945.6
B58: ИТОГО ПО ОБЪЕКТУ | J58: =J43+J51+J57 -> 117700
B62: Всего по акту | J62: =J58 -> 117700
B63: Кроме того НДС 20 % | J63: =J62*0.2 -> 23540
B64: Итого с НДС | J64: =J62+J63 -> 141240
B67: Сдал | D67: Генеральный директор ООО "ИСС"
F69: ____________________/И.В. Семешкин/
C72: Принял | D72: Генеральный директор ООО "Мелон"
F74: _____________________//Мурадян Л. Г./

Sheet Лист2
AE2: Унифицированная форма № КС - 3
AE3: Утверждена постановлением Госкомстата России
AE4: от 11.11.99 № 100
AP5: Код
AG6: Форма по ОКУД | AP6: 0322005
A8: Инвестор | AK8: по ОКПО
R9: организация
A10: Заказчик | G10: =Лист1!C8 -> ООО "Мелон" | AK10: по ОКПО
R11: организация | AP11: 56843147
A12: Подрядчик | G12: ООО "ИСС", 141196 Московская обл., г. Фрязино, пр. Мира, д.17 | AK12: по ОКПО
R13: организация
A14: Стройка | E14: =Лист1!C10 -> Московская обл.,г. Фрязино, Пр.Мира д.5а | AK14: по ОКПО
M15: наименование | AC15: Вид деятельности по ОКДП
X17: Договор подряда (контракт) | AK17: номер | AP17: 1484-МТ
AK18: дата | AP18: 44253
AN19: Вид операции
X21: Номер документа | AG21: Дата составления | AR21: Отчетный период
AR22: с | AW22: по
R23: СПРАВКА | X23: 1 | AG23: 44265 | AR23: 44256 | AW23: 44286
K24: О СТОИМОСТИ ВЫПОЛНЕННЫХ РАБОТ И ЗАТРАТ | AR24: .
A26: Но- мер по по- рядку | D26: Наименование пусковых комплексов, этапов, объектов, видов выполненных работ, оборудования, затрат | AA26: Код | AE26: Стоимость выполненных работ и затрат, руб.
AE27: с начала проведения работ | AL27: с начала года | AT27: в том числе за отчетный период
A28: 1 | D28: 2 | AA28: 3 | AE28: 4 | AL28: 5 | AT28: 6
A29: 1 | D29: Всего работ и затрат, включаемых в стоимость | AE29: =AL29 -> 117700 | AL29: =AT29 -> 117700 | AT29: =Лист1!J62 -> 117700
A30: 2 | D30: В том числе:
A31: 3 | D31: СМР | AE31: =AL31 -> 117700 | AL31: =AT31 -> 117700 | AT31: =AT29 -> 117700
AS32: Итого | AT32: =AT29 -> 117700
AS33: Сумма НДС | AT33: =AT32*20% -> 23540
AS34: Всего с учетом НДС | AT34: =AT32+AT33 -> 141240
A36: Заказчик | J36: =Лист1!D72 -> Генеральный директор ООО "Мелон" | AJ36: =Лист1!F74 -> _____________________//Мурадян Л. Г./
N37: должность | Y37: подпись | AJ37: расшифровка подписи
A39: М.П.
A41: Подрядчик | J41: Генеральный директор ООО "ИСС" | AJ41: =Лист1!F69 -> ____________________/И.В. Семешкин/
N42: должность | Y42: подпись | AJ42: расшифровка подписи
A43: М.П.
